 Dungeon Crawl Stone Soup version 0.24.0-13-gcf9b319 (webtiles) character file.

Game seed: 12739236852191404512, levelgen mode: deterministic

304 Bronimir the Chopper (level 6, -2/53 HPs)
             Began as a Hill Orc Monk on Mar 5, 2020.
             Was a Believer of Sif Muna.
             Slain by Grinder (4 damage)
             ... on level 3 of the Dungeon.
             The game lasted 00:06:04 (2547 turns).

Bronimir the Chopper (Hill Orc Monk)                Turns: 2547, Time: 00:06:05

Health: -2/53      AC:  8    Str: 21    XL:     6   Next: 38%
Magic:  6/6        EV: 16    Int: 10    God:    Sif Muna [**....]
Gold:   69         SH:  0    Dex: 18    Spells: 5/5 levels left

rFire    . . .     SeeInvis .   a - +0 hand axe
rCold    . . .     Gourm    .   (no shield)
rNeg     . . .     Faith    +   d - +0 ring mail
rPois    .         Spirit   .   r - +2 helmet
rElec    .         Reflect  .   (no cloak)
rCorr    .         Harm     .   (no gloves)
MR       .....     Rnd*Tele +   (no boots)
Stlth    ++........             n - amulet of faith (curse)
HPRegen  0.17/turn              k - ring of teleportation
MPRegen  0.10/turn              (no ring)

@: mighty, agile, heavily drained
A: no striking features
a: Channel Magic, Renounce Religion


You were on level 3 of the Dungeon.
You worshipped Sif Muna.
Sif Muna was pleased with you.
You were very hungry.

You visited 1 branch of the dungeon, and saw 3 of its levels.

You collected 69 gold pieces.

Inventory:

Hand Weapons
 a - a +0 hand axe (weapon)
 q - a +0 spear
 v - a +0 whip
Missiles
 g - 109 stones (quivered)
 l - 61 arrows
 o - 42 sling bullets
Armour
 d - a +0 ring mail (worn)
 r - a +2 helmet (worn)
Jewellery
 k - a ring of teleportation (left hand)
 m - an uncursed amulet of harm
 n - a cursed amulet of faith (around neck)
Wands
 b - a wand of clouds (3)
Scrolls
 e - a scroll of amnesia
 i - 2 scrolls of remove curse
Comestibles
 c - 4 rations


   Skills:
 + Level 4.3(2.6) Fighting
 * Level 7.4(5.5) Axes
 * Level 2.6(1.0) Armour
 + Level 2.9(1.3) Dodging
 - Level 1.5(0.0) Stealth
 * Level 0.2(0.0) Spellcasting
 * Level 0.6(0.0) Invocations


You had 5 spell levels left.
You didn't know any spells.
Your spell library was empty.

Dungeon Overview and Level Annotations

Branches:
Dungeon (3/15)

Altars:
Ashenzari
Sif Muna

Annotations:
D:3 2 transporters, Grinder; dylex's ghost, amateur GrFi


Message History

You hit Grinder.
Grinder is heavily wounded.
Grinder gestures at you. Pain shoots through your body!
* * * LOW HITPOINT WARNING * * *
You hit Grinder.
Grinder is heavily wounded.
Grinder blinks!
Okay, then.
It was a potion of agility.
You feel agile all of a sudden.
It was a potion of magic.
Magic courses through your body.
Grinder says, "My boss said I was rubbish.
His entrails said otherwise."
Grinder hits you but does no damage.
It was a potion of might.
You feel very mighty all of a sudden. Grinder hits you.
* * * LOW HITPOINT WARNING * * *
You writhe in agony.
You die...

# ## #. .# ####### #.#
##.# #...... #..#
##5.# #...... #..#
##@.## #......
#..###..#.# #......
#..#..#)## #####..
#...#.#.# #####..
##.#############......
#......5.....##......
#.##.#..####.##......
#.##.#..# #.ยง.......
#.##.#..# #.######..


You could see Grinder.

Vanquished Creatures
  Sigmund (D:2)
  Natasha (thrice) (D:3)
  Robin (D:2)
  2 adders (D:2)
  A worm (D:2)
  A dart slug (D:2)
  2 leopard geckos (D:2)
  A ball python (D:2)
  3 bats
  6 giant cockroaches
  10 goblins
  5 hobgoblins
  2 jackals (D:2)
  5 kobolds
  4 frilled lizards
  2 rats
49 creatures vanquished.

Notes
Turn   | Place    | Note
-------+----------+-------------------------------------------
     0 | D:1      | Bronimir the Hill Orc Monk began the quest for the Orb.
     0 | D:1      | Reached XP level 1. HP: 19/19 MP: 1/1
   161 | D:1      | Reached XP level 2. HP: 27/27 MP: 2/2
   833 | D:2      | Reached XP level 3. HP: 33/33 MP: 3/3
   959 | D:2      | Reached skill level 5 in Axes
   988 | D:2      | Noticed Sigmund
   998 | D:2      | Killed Sigmund
   998 | D:2      | Reached skill level 6 in Axes
   998 | D:2      | Reached XP level 4. HP: 7/40 MP: 4/4
   998 | D:2      | Reached XP level 5. HP: 8/46 MP: 5/5
  1363 | D:2      | Noticed Robin
  1390 | D:2      | Killed Robin
  1435 | D:2      | Found a shimmering blue altar of Sif Muna.
  1533 | D:2      | Reached skill level 7 in Axes
  1780 | D:2      | Reached XP level 6. HP: 52/52 MP: 6/6
  1931 | D:2      | Became a worshipper of Sif Muna the Loreminder
  1931 | D:2      | Reached * piety under Sif Muna
  1931 | D:2      | Reached ** piety under Sif Muna
  1959 | D:3      | Found a transporter.
  1969 | D:3      | Found a transporter.
  2016 | D:3      | Noticed Natasha
  2030 | D:3      | Killed Natasha
  2068 | D:3      | Noticed Natasha
  2085 | D:3      | Killed Natasha
  2353 | D:3      | Found a shattered altar of Ashenzari.
  2429 | D:3      | Noticed dylex's ghost (amateur GrFi)
  2459 | D:3      | Noticed Grinder
  2459 | D:3      | Paralysed by Grinder for 6 turns
  2470 | D:3      | Noticed Natasha
  2471 | D:3      | Paralysed by Grinder for 2 turns
  2476 | D:3      | Killed Natasha
  2477 | D:3      | Paralysed by Grinder for 6 turns
  2498 | D:3      | Paralysed by Grinder for 4 turns
  2540 | D:3      | Paralysed by Grinder for 2 turns
  2547 | D:3      | HP: 2/53 [Grinder (6)]
  2547 | D:3      | Slain by Grinder

Levels and vault maps discovered:
D:1:      kennysheep_arrival_seaside, layout_basic, minmay_worlds_worst_comb
D:2:      layout_basic, led_sif_pool, first_ration, uniq_robin, uniq_sigmund
D:3:      minmay_diamond_boxcup, layout_basic, gammafunk_ghost_stat_death,
          dk_noncrumbling_2, kennysheep_cross_room, evilmike_ruin_ashenzari,
          uniq_natasha, uniq_grinder

Skill      XL: |  1  2  3  4  5 |
---------------+----------------+-----
Axes           | 6 7 |  7.4
Fighting       | 4 |  4.3
Armour         | 2 |  2.6
Dodging        | |  2.9
Stealth        | |  1.5
Spellcasting   | |  0.2
Invocations    | |  0.6

Action                   |  1- 3 |  4- 6 || total
-------------------------+-------+-------++-------
Melee: Hand axe          |    67 |   107 ||   174
  Use: Scroll            |       |     7 ||     7
       Potion            |       |     3 ||     3
 Stab: Sleeping          |     3 |       ||     3
  Eat: Chunk             |       |     4 ||     4
Armor: Ring mail         |    13 |    28 ||    41
Dodge: Dodged            |    36 |    61 ||    97
